 Dungeon Crawl Stone Soup version 0.30-a0-390-g80c34de65d (webtiles) character file.

Game seed: 8211666027504698081

95 KennySheep the Shooter (level 4, -1/27 HPs)
             Began as a Tengu Hunter on Dec 5, 2022.
             Was an Initiate of Okawaru.
             Slain by Grinder (9 damage)
             ... while paralysed by Grinder
             ... on level 3 of the Dungeon.
             The game lasted 00:06:11 (1682 turns).

KennySheep the Shooter (Tengu Hunter)               Turns: 1682, Time: 00:06:12

Health: -1/27      AC:  3    Str: 11    XL:     4   Next: 66%
Magic:  5/5        EV:  2    Int: 10    God:    Okawaru [......]
Gold:   70         SH:  0    Dex: 19    Spells: 3/3 levels left

rFire   . . .      SeeInvis .    a - +0 shortbow
rCold   . . .      Faith    .    (shield currently unavailable)
rNeg    . . .      Spirit   .    c - +0 leather armour
rPois   .          Reflect  .    (helmet restricted)
rElec   .          Harm     .    (no cloak)
rCorr   .          Rampage  .    (no gloves)
Will    .....                    (boots unavailable)
Stlth   ++........               (no amulet)
HPRegen 1.04/turn                (no ring)
MPRegen 0.09/turn                (no ring)

@: paralysed, unable to read
A: beak, talons 3, regeneration 1, inability to read after injury 1
a: Renounce Religion


You were on level 3 of the Dungeon.
You worshipped Okawaru.
Okawaru was noncommittal.
You visited 1 branch of the dungeon, and saw 3 of its levels.

You collected 70 gold pieces.

Inventory:

Hand Weapons
 a - a +0 shortbow (weapon)
 b - a +0 dagger of freezing
Armour
 c - a +0 leather armour (worn)
Scrolls
 e - a scroll of identify
 g - a scroll of poison
 i - a scroll of brand weapon {unknown}
 j - a scroll of vulnerability {unknown}
 l - a scroll of magic mapping {unknown}
 m - 3 scrolls of immolation
Potions
 d - 2 potions of mutation
 f - a potion of might
 h - a potion of haste {unknown}
 k - a potion of heal wounds


   Skills:
 + Level 2.7 Fighting
 * Level 5.3 Ranged Weapons
 + Level 3.0 Dodging
 + Level 2.1 Stealth


You had 3 spell levels left.
You didn't know any spells.
Your spell library contained the following spells:

 Spells                   Type           Power      Damage    Failure   Level
 Frozen Ramparts          Ice            0%         1d1       83%         3
 Stone Arrow              Conj/Erth      0%         3d7       83%         3
 Ice Form                 Ice/Tmut       0%         N/A       99%         4
 Conjure Ball Lightning   Conj/Air       0%         3x3d6     100%        6
 Discord                  Hex            0%         N/A       100%        8
 Disjunction              Tloc           0%         N/A       100%        8
 Lehudib's Crystal Spear  Conj/Erth      0%         10d2      100%        8
 Animate Armour           Summ/Erth      Unusable   N/A       N/A         4
 Summon Ice Beast         Ice/Summ       Unusable   N/A       N/A         4

Dungeon Overview and Level Annotations

Branches:
Dungeon (3/15)

Altars:
Okawaru

Annotations:
D:3 Grinder


Innate Abilities, Weirdness & Mutations

You have a beak for a mouth.
You have claws for feet.
Your natural rate of healing is unusually fast.
You occasionally lose the ability to read scrolls when taking damage.


Message History

Grinder shouts!
Grinder is lightly wounded.
Grinder says, "You look like you could use a good racking."
You shoot an arrow. The arrow closely misses Grinder.
Grinder gestures at you. You resist with significant effort.
You shoot an arrow. The arrow closely misses Grinder.
You shoot an arrow. The arrow hits Grinder!
Grinder is moderately wounded.
Grinder blinks!
Grinder says, "There's only one good use for a tongue: cutting it out."
Grinder hits you.
You writhe in agony.
You shoot an arrow. The arrow hits Grinder.
Grinder is moderately wounded.
Grinder closely misses you.
You shoot an arrow. The arrow closely misses Grinder.
Grinder hits you.
You shoot an arrow. The arrow barely misses Grinder.
Grinder gestures at you. You resist with significant effort.
You shoot an arrow. The arrow closely misses Grinder.
Grinder barely misses you.
You shoot an arrow.
The arrow hits Grinder but does no damage.
Grinder is moderately wounded.
Grinder completely misses you. x2
You shoot an arrow. The arrow hits Grinder.
Grinder is heavily wounded.
Grinder gestures at you.
You suddenly lose the ability to move!
Grinder grins, showing sharp teeth.
Grinder hits you but does no damage. Grinder hits you!
You writhe in agony.
Grinder hits you.
You feel threatened and lose the ability to read scrolls!
You writhe in agony.
* * * LOW HITPOINT WARNING * * *
You can read scrolls again.
Grinder hits you!
You feel threatened and lose the ability to read scrolls!
You die...

.##...####.# .##...#
#.##### ......# #.....#
....### #####.# ##^##
#.# ..## #####.####
##########........#
#.....#.........#.####..
#.....#.##......@.......
#..............5........
#.....#.###....##.......
#....<#...........####?.
##########..#####.# ♣
#........#
##########.#######♣
........##.#
####..#..#.#


You could see Grinder.

Vanquished Creatures
  3 gnolls (D:2)
  3 adders (D:2)
  4 ball pythons
  3 endoplasms
  2 giant cockroaches
  5 hobgoblins
  4 jackals (D:2)
  2 quokkas (D:2)
  3 bats
  3 frilled lizards
  3 kobolds
  3 rats
38 creatures vanquished.

Notes
Turn   | Place    | Note
-------+----------+-------------------------------------------
     0 | D:1      | KennySheep the Tengu Hunter began the quest for the Orb.
     0 | D:1      | Reached XP level 1. HP: 12/12 MP: 2/2
   320 | D:1      | Reached XP level 2. HP: 16/17 MP: 3/3
   967 | D:2      | Reached XP level 3. HP: 21/21 MP: 4/4
  1001 | D:2      | Gained mutation: You occasionally lose the ability to read
                  | scrolls when taking damage. [potion of mutation]
  1001 | D:2      | Gained mutation: Your natural rate of healing is unusually
                  | fast. [potion of mutation]
  1029 | D:2      | Reached skill level 5 in Ranged Weapons
  1120 | D:2      | Reached XP level 4. HP: 27/27 MP: 5/5
  1558 | D:3      | Found an iron altar of Okawaru.
  1590 | D:3      | Became a worshipper of Warmaster Okawaru
  1668 | D:3      | Noticed Grinder
  1678 | D:3      | Paralysed by Grinder for 5 turns
  1682 | D:3      | Slain by Grinder

Illustrated notes

Levels and vault maps discovered:
D:1:      minmay_arrival_checkered_box, layout_basic, nrook_campfire,
          kennysheep_crisscross
D:2:      layout_basic
D:3:      layout_loops_cross, mainiacjoe_overflow_alcove_1,
          mainiacjoe_overflow_24_doors, serial_bayou_ford_a,
          grunt_decor_junction, uniq_ijyb, uniq_natasha, uniq_grinder

Skill      XL: |  1  2  3  4 |
---------------+-------------+-----
Ranged Weapons | 5 |  5.3
Stealth        | 2 |  2.1
Dodging        | 3 |  3.0
Fighting       | |  2.7

Action                   |  1- 3 |  4- 6 || total
-------------------------+-------+-------++-------
 Fire: Shortbow          |    63 |    54 ||   117
  Use: Potion            |     2 |     1 ||     3
       Scroll            |     1 |       ||     1
Armor: Leather armour    |     7 |     4 ||    11
Dodge: Dodged            |    26 |    21 ||    47

Table legend: (Time is in decaauts)
 A = Elapsed time spent in this place.
 B = Non-inter-level travel time spent in this place.
 C = Inter-level travel time spent in this place.
 D = Time resting spent in this place.
 E = Time spent auto-exploring this place.
 F = Levels seen in this place.
 G = Mean time per level.
                   A        B        C        D        E       F      G
               +--------+--------+--------+--------+--------+-----+--------+
         Total |   1714 |   1696 |     18 |      7 |   1377 |   3 |  571.3 |
       Dungeon |   1714 |   1696 |     18 |      7 |   1377 |   3 |  571.3 |
               +--------+--------+--------+--------+--------+-----+--------+

Top non-repeatable levels by time:
     D:1: 836 daAuts
     D:2: 697 daAuts
     D:3: 181 daAuts
